 Dungeon Sprint DCSS version 0.22.1-1-ga44c0e56f4 (webtiles) character file.

588 Freyura the Basher (level 7, -17/50 HPs)
             Began as a Gargoyle Berserker on Sept 25, 2018.
             Was a Priest of Trog.
             Demolished by Sonja
             ... wielding a +2 short sword of distortion
              (24 damage)
             ... in the Dungeon (Sprint I: "Red Sonja").
             The game lasted 00:03:31 (432 turns).

Freyura the Basher (Gargoyle Berserker)              Turns: 432, Time: 00:03:32

Health: -17/50     AC: 11    Str: 21    XL:     7   Next: 38%
Magic:  7/7        EV: 13    Int:  7    God:    Trog [***...]
Gold:   405        SH:  0    Dex: 11    Spells: 6/6 levels left

rFire    . . .     SeeInvis .   a - +0 mace
rCold    . . .     Gourm    .   (no shield)
rNeg     + . .     Faith    .   j - +0 ring mail
rPois    ∞         Spirit   .   (no helmet)
rElec    +         Reflect  .   (no cloak)
rCorr    .         Harm     .   (no gloves)
MR       .....     NoTele   +   (no boots)
Stlth    +.........             (no amulet)
HPRegen  0.16/turn              (no ring)
MPRegen  0.10/turn              (no ring)

@: berserk cooldown, slowed, very slow
A: negative energy resistance 1, electricity resistance, unbreathing,
petrification resistance, rot immunity, AC +4
a: Berserk, Trog's Hand, Renounce Religion


You were in the Dungeon.
You worshipped Trog.
Trog was most pleased with you.
You were near starving.

You visited 1 branch You collected 405 gold pieces.

Inventory:

Hand Weapons
 a - a +0 mace (weapon)
Armour
 j - a +0 ring mail (worn)
Scrolls
 i - a scroll of blinking
Potions
 d - a potion of curing
 f - a potion of haste
 g - 2 potions of magic
 h - a potion of berserk rage
Comestibles
 c - 3 rations


   Skills:
 + Level 8.3 Fighting
 * Level 10.2 Maces & Flails
 + Level 7.9 Armour
 + Level 6.0 Dodging


You had 6 spell levels left.
You didn't know any spells.
Your spell library was empty.

Dungeon Overview and Level Annotations

Branches:
Dungeon (1/1)

Altars:
Cheibriados
Dithmenos
Elyvilon
Fedhas
Gozag
Hepliaklqana
Kikubaaqudgha
Makhleb
Nemelex Xobeh
Okawaru
Qazlal
Ru
Sif Muna
Trog
Uskayaw
Vehumet
Wu Jian
Xom
Yredelemnul
Zin
The Shining One
Jiyva
Lugonu

Shops:
D *

Annotations:
D Sonja


Innate Abilities, Weirdness & Mutations

You are resistant to torment.
Your stone body is resilient. (AC +4)
You are immune to poison.
You resist negative energy. (rN+)
You are resistant to electric shocks. (rElec)
You can survive without breathing.
You are immune to petrification.
You are immune to rotting.


Message History

Sonja wields an uncursed short sword of distortion.
Its appearance distorts for a moment.
Sonja hits you with an uncursed short sword of distortion.
Space bends around you. Sonja closely misses you.
Sonja hits you but does no damage. Space warps horribly around you!
You closely miss Sonja. Sonja barely misses you.
Sonja hits you but does no damage.
You feel a strange sense of stasis.
Sonja barely misses you. x2; Sonja completely misses you.
Sonja barely misses you.
You completely miss Sonja.
You are near starving!
Sonja hits you but does no damage. Space bends around you.
* * * LOW HITPOINT WARNING * * *
Sonja barely misses you.
Sonja hits you with an uncursed short sword of distortion.
* * * LOW HITPOINT WARNING * * *
Space bends around you.
* * * LOW HITPOINT WARNING * * *
Sonja hits you but does no damage. Space warps horribly around you!
You die...

######################
#<.#.[)..#..'..#__#..+
#..'..#..').#..'^.'..#
#..#####'#####'#__####
#..####..#...#[####
#..#__####@.##.#
#..#_____##K#_.+
#⌠⌠#_.∩...'..._#
####_..__##_(#'#
#_K___###(#.# #######
#.### +$.$+ #$.$#
##.##


You could see Sonja.

Vanquished Creatures
  A slime creature (D)
  Sigmund (D)
  A yak (D)
  An ogre (D)
  A jelly (D)
  Ijyb (D)
6 creatures vanquished.

Vanquished Creatures (others)
  A gargoyle (D)
1 creature vanquished.

Grand Total: 7 creatures vanquished

Notes
Turn   | Place    | Note
-------+----------+-------------------------------------------
     0 | D        | Freyura the Gargoyle Berserker began the quest for the Orb.
     0 | D        | Reached XP level 1. HP: 14/14 MP: 1/1
     1 | D        | Noticed Ijyb
    21 | D        | Killed Ijyb
    21 | D        | Reached skill level 4 in Maces & Flails
    21 | D        | Reached XP level 2. HP: 17/20 MP: 2/2
    21 | D        | Reached XP level 3. HP: 20/24 MP: 3/3
    65 | D        | Noticed an ogre
    69 | D        | Killed an ogre
    69 | D        | Reached skill level 5 in Fighting
    69 | D        | Reached skill level 6 in Maces & Flails
    69 | D        | Reached XP level 4. HP: 31/31 MP: 4/4
    80 | D        | Killed a gargoyle
   117 | D        | Noticed Sigmund
   127 | D        | Killed Sigmund
   127 | D        | Reached ** piety under Trog
   127 | D        | Reached skill level 8 in Maces & Flails
   127 | D        | Reached XP level 5. HP: 23/37 MP: 5/5
   127 | D        | Reached XP level 6. HP: 26/42 MP: 6/6
   235 | D        | Found an ornate altar of the Wu Jian Council.
   235 | D        | Found a deep blue altar of Sif Muna.
   237 | D        | Found a radiant altar of Vehumet.
   272 | D        | Found Zikutit's Assorted Antiques.
   272 | D        | Found an ancient bone altar of Kikubaaqudgha.
   272 | D        | Found a hazy altar of Hepliaklqana.
   272 | D        | Found a stormy altar of Qazlal.
   272 | D        | Found a hide-covered altar of Uskayaw.
   272 | D        | Found a blossoming altar of Fedhas.
   272 | D        | Found a bloodstained altar of Trog.
   272 | D        | Found an iron altar of Okawaru.
   272 | D        | Found a basalt altar of Yredelemnul.
   272 | D        | Found a glowing golden altar of the Shining One.
   272 | D        | Found a snail-covered altar of Cheibriados.
   272 | D        | Found a sacrificial altar of Ru.
   272 | D        | Found a glowing silver altar of Zin.
   272 | D        | Found a shadowy altar of Dithmenos.
   272 | D        | Found a white marble altar of Elyvilon.
   272 | D        | Noticed a yak
   281 | D        | Killed a yak
   281 | D        | Reached skill level 9 in Maces & Flails
   281 | D        | Reached skill level 5 in Dodging
   281 | D        | Reached XP level 7. HP: 32/48 MP: 7/7
   282 | D        | Found an opulent altar of Gozag.
   283 | D        | Found a sparkling altar of Nemelex Xobeh.
   375 | D        | Found a burning altar of Makhleb.
   375 | D        | Found a viscous altar of Jiyva.
   375 | D        | Found a shimmering altar of Xom.
   375 | D        | Found a corrupted altar of Lugonu.
   375 | D        | Noticed a slime creature
   381 | D        | Killed a slime creature
   381 | D        | Reached *** piety under Trog
   381 | D        | Reached skill level 10 in Maces & Flails
   410 | D        | Noticed Sonja
   421 | D        | HP: 3/75 [Sonja/uncursed short sword of distortion (3)]
   432 | D        | Demolished by Sonja

Skill      XL: |  1  2  3  4  5  6  7 |
---------------+----------------------+-----
Fighting       | 4 5 6 7 8 |  8.3
Maces & Flails | 4 6 8 9 10 | 10.2
Armour         | 3 4 6 7 |  7.9
Dodging        | 2 3 4 5 6 |  6.0

Action                   |  1- 3 |  4- 6 |  7- 9 || total
-------------------------+-------+-------+-------++-------
Melee: Mace              |    21 |    20 |    15 ||    56
Invok: Berserk           |     1 |       |     2 ||     3
       Trog's Hand       |       |       |     1 ||     1
  Use: Potion            |       |       |     1 ||     1
Armor: Animal skin       |     5 |       |       ||     5
       Ring mail         |       |     3 |    15 ||    18
Dodge: Dodged            |    11 |     6 |    22 ||    39
